 Dungeon Crawl Stone Soup version 0.27.1-3-gb3d3a73c9e (webtiles) character file.

Game seed: 15571971162695590167

1383 hypoxyphilia the Ruffian (level 8, 0/67 HPs)
             Began as a Ghoul Monk on Oct 21, 2021.
             Was a Believer of Makhleb.
             Slain by a wyvern (10 damage)
             ... on level 5 of the Dungeon.
             The game lasted 00:54:10 (6797 turns).

hypoxyphilia the Ruffian (Ghoul Monk)               Turns: 6797, Time: 00:54:11

Health: 0/67       AC: 13    Str: 17    XL:     8   Next: 67%
Magic:  7/7        EV:  3    Int:  5    God:    Makhleb [**....]
Gold:   120        SH:  9    Dex: 11    Spells: 7/7 levels left

rFire    . . .     SeeInvis .     - Unarmed
rCold    + . .     Faith    .   p - +0 kite shield
rNeg     + + +     Spirit   .   x - +0 plate armour
rPois    ∞         Reflect  .   o - +0 helmet
rElec    .         Harm     .   r - +0 cloak
rCorr    .         Rampage  .   (no gloves)
Will     .....                  (no boots)
Stlth    ..........             (no amulet)
HPRegen  0.00/turn              e - ring of poison resistance
MPRegen  0.10/turn              v - +4 ring of slaying

@: about to teleport, inhibited regen, studying Bows
A: claws 1, cold resistance 1, negative energy resistance 3, inhibited
regeneration, torment resistance 2
a: Renounce Religion, Minor Destruction


You were on level 5 of the Dungeon.
You worshipped Makhleb.
Makhleb was pleased with you.
You visited 2 branches of the dungeon, and saw 7 of its levels.
You also visited: Sewer.

You collected 263 gold pieces.
You spent 143 gold pieces at shops.

Inventory:

Hand Weapons
 h - a +0 hunting sling
Missiles
 i - 65 sling bullets (quivered)
 l - a curare-tipped dart
Armour
 o - a +0 helmet (worn)
 p - a +0 kite shield (worn)
 r - a +0 cloak (worn)
 x - a +0 plate armour (worn)
 y - a +1 hat
Jewellery
 e - a ring of poison resistance (left claw)
 m - a ring of protection from cold
 v - a +4 ring of slaying (right claw)
Wands
 a - a wand of digging (12)
 w - a wand of flame (11)
Scrolls
 b - a scroll of enchant armour {unknown}
 d - 3 scrolls of fog
 t - 2 scrolls of magic mapping {unknown}
Potions
 f - 4 potions of curing
 g - a potion of brilliance
 j - 2 potions of might
 k - 3 potions of haste
 n - 2 potions of flight
 u - a potion of attraction


   Skills:
 + Level 4.7 Fighting
 + Level 4.0 Slings
 + Level 2.9 Armour
 + Level 3.7 Dodging
 + Level 3.1 Stealth
 + Level 3.5 Shields
 + Level 7.0 Unarmed Combat


You had 7 spell levels left.
You didn't know any spells.
Your spell library contained the following spells:

 Spells                   Type           Power      Damage    Failure   Level
 Animate Skeleton         Necr           0%         N/A       100%        1
 Apportation              Tloc           0%         N/A       100%        1
 Corona                   Hex            0%         N/A       100%        1
 Foxfire                  Conj/Fire      0%         2x1d4     100%        1
 Summon Small Mammal      Summ           0%         N/A       100%        1
 Ensorcelled Hibernation  Hex/Ice        0%         N/A       100%        2
 Conjure Flame            Conj/Fire      0%         6-21      100%        3
 Inner Flame              Hex/Fire       0%         N/A       100%        3
 Tukima's Dance           Hex            0%         N/A       100%        3


Dungeon Overview and Level Annotations

Branches:
Dungeon (6/15)             Temple (1/1) D:4           Sewer (visited)

Altars:
Ashenzari
Cheibriados
Dithmenos
Elyvilon
Fedhas
Gozag
Hepliaklqana
Kikubaaqudgha
Makhleb
Nemelex Xobeh
Okawaru
Qazlal
Ru
Sif Muna
Trog
Uskayaw
Vehumet
Wu Jian
Xom
Yredelemnul
Zin
The Shining One

Shops:
D:4 ?

Annotations:
D:3 Siegmund!, Sigmund
D:4 scroll store


Innate Abilities, Weirdness & Mutations

You thrive by killing the living.
You are immune to poison.
You have sharp fingernails.
Your flesh is cold resistant. (rC+)
You are immune to negative energy. (rN+++)
You do not regenerate when monsters are visible.
You are immune to unholy pain and torment.


Message History

The scorpion is almost dead.
The scorpion stings you but does no damage. x2
You completely miss the scorpion.
The scorpion is almost dead.
You block the scorpion's attack.
Your plate armour prevents you from hitting the scorpion.
The scorpion is almost dead.
You block the scorpion's attack.
You scratch the scorpion.
You kill the scorpion!
Makhleb accepts your kill.
You feel better. The wyvern barely misses you.
You barely miss the wyvern. The wyvern bites you!
You claw the wyvern!
The wyvern is moderately wounded.
The wyvern bites you. The wyvern bites you!
* * * LOW HITPOINT WARNING * * *
You feel much better. The wyvern bites you.
You closely miss the wyvern.
The wyvern is moderately wounded.
The wyvern bites you! You block the wyvern's attack.
You scratch the wyvern but do no damage.
The wyvern is moderately wounded.
You block the wyvern's attack.
The wyvern bites you but does no damage.
You scratch the wyvern.
The wyvern is heavily wounded.
You block the wyvern's attack.
You scratch the wyvern but do no damage.
The wyvern is heavily wounded.
The wyvern bites you. You block the wyvern's attack.
Your shield and plate armour prevent you from hitting the wyvern.
The wyvern is heavily wounded.
You block the wyvern's attack. The wyvern bites you!
* * * LOW HITPOINT WARNING * * *
As you read the scroll of teleportation, it crumbles to dust.
You feel strangely unstable.
The wyvern hisses menacingly.
The wyvern bites you!
You die...

### ### ##.###### #.#
##.......# #####.#
##........# ## ###..##.#
##).......#####. ##.....#.#
##.....)..#..)... #
##........#
##[..........#####
####.........###.#(....######
.##........#...l@..#####
.#.............#####
..............##
.............##
..............#
..............#
##.....#......#
......#.......#
...##.........#


You could see a wyvern.

Vanquished Creatures
  An orc warrior (D:6)
  3 centaurs
  3 ogres
  2 kobold brigands
  A scorpion (D:5)
  A howler monkey (D:6)
  2 centaur zombies (D:5)
  2 hounds
  2 jellies
  Ijyb (D:5)
  2 iguanas
  2 orc wizards (D:6)
  A hound skeleton (D:5)
  Robin (D:3)
  A howler monkey skeleton (D:4)
  8 adders
  A river rat (Sewer)
  3 worms
  7 dart slugs
  4 orcs
  10 endoplasms
  8 giant cockroaches
  18 goblins
  10 hobgoblins
  4 jackals
  16 kobolds
  8 quokkas
  6 ball pythons
  2 bats
  A frilled lizard (D:2)
  9 rats
  A rat zombie (D:4)
141 creatures vanquished.

Notes
Turn   | Place    | Note
-------+----------+-------------------------------------------
     0 | D:1      | hypoxyphilia the Ghoul Monk began the quest for the Orb.
     0 | D:1      | Reached XP level 1. HP: 19/19 MP: 0/0
   202 | D:1      | Reached XP level 2. HP: 26/26 MP: 1/1
   513 | D:1      | Reached XP level 3. HP: 26/33 MP: 2/2
   666 | D:1      | Found a faded altar of an unknown god.
   760 | D:1      | Reached skill level 4 in Unarmed Combat
  1610 | D:2      | Reached XP level 4. HP: 39/40 MP: 3/3
  1876 | D:2      | Reached skill level 1 in Slings
  2231 | D:3      | Noticed Robin
  2300 | D:3      | Killed Robin
  2305 | D:3      | Reached XP level 5. HP: 27/46 MP: 4/4
  2976 | D:3      | Noticed Sigmund
  3344 | D:4      | Found Rookhiets's Magic Scroll Shop.
  3348 | D:4      | Bought a scroll of identify for 26 gold pieces
  3348 | D:4      | Bought a scroll of teleportation for 39 gold pieces
  3350 | D:4      | Found a staircase to the Ecumenical Temple.
  3362 | Temple   | Entered the Ecumenical Temple
  3387 | Temple   | Became a worshipper of Makhleb the Destroyer
  3387 | Temple   | Reached * piety under Makhleb
  3387 | Temple   | Reached ** piety under Makhleb
  3579 | D:4      | Found an ancient bone altar of Kikubaaqudgha.
  3915 | D:4      | Reached XP level 6. HP: 48/52 MP: 5/5
  4228 | D:4      | Bought a scroll of identify for 26 gold pieces
  4228 | D:4      | Bought a scroll of identify for 26 gold pieces
  4228 | D:4      | Bought a scroll of identify for 26 gold pieces
  4256 | D:5      | Entered Level 5 of the Dungeon
  4318 | D:5      | Reached skill level 5 in Unarmed Combat
  4554 | D:5      | Reached skill level 1 in Armour
  4613 | D:5      | Found a glowing drain.
  4641 | Sewer    | Entered a sewer
  4743 | Sewer    | Reached skill level 1 in Shields
  4743 | Sewer    | Reached XP level 7. HP: 57/59 MP: 6/6
  5246 | D:5      | Reached skill level 6 in Unarmed Combat
  5257 | D:5      | Noticed Ijyb
  5283 | D:5      | Killed Ijyb
  5503 | D:5      | Reached XP level 8. HP: 67/67 MP: 7/7
  6402 | D:6      | Noticed a death knight
  6724 | D:6      | Reached skill level 7 in Unarmed Combat
  6742 | D:6      | Noticed a wyvern
  6797 | D:5      | Slain by a wyvern

Illustrated notes

Levels and vault maps discovered:
D:1:      dpeg_arrival_windows_large_door, layout_loops_ring,
          shapermc_ecumenical_altar_totnotflames
D:2:      layout_loops_ring, serial_glass, glass_columns_b, glass_columns_a
D:3:      layout_loops_ring, uniq_sigmund, uniq_robin
D:4:      layout_basic, lemuel_zombie_altar_kikubaaqudgha,
          minmay_temple_entry_gardened_gates, serial_shops, shop
D:5:      layout_cave_pods, gup_sewer_entry_pipe, minmay_manual_maat, uniq_ijyb
D:6:      minmay_opposing_rooms, layout_basic
Temple:   nicolae_temple_the_god_donut

Skill      XL: |  1  2  3  4  5  6  7  8 |
---------------+-------------------------+-----
Unarmed Combat | 4 5 6 7 |  7.0
Fighting       | 4 |  4.7
Slings         | 1 2 3 4 |  4.0
Dodging        | 3 |  3.7
Stealth        | 3 |  3.1
Armour         | 1 2 |  2.9
Shields        | 1 2 3 |  3.5

Action                   |  1- 3 |  4- 6 |  7- 9 || total
-------------------------+-------+-------+-------++-------
Melee: Unarmed           |    86 |   197 |   145 ||   428
       Punch             |     3 |     2 |       ||     5
 Fire: Hunting sling     |    37 |    86 |    27 ||   150
  Use: Scroll            |       |     7 |     4 ||    11
       Potion            |       |       |     2 ||     2
 Stab: Sleeping          |     4 |     1 |       ||     5
Armor: Robe              |    15 |     2 |       ||    17
       Ring mail         |       |    17 |       ||    17
       Animal skin       |       |     7 |       ||     7
       Scale mail        |       |    42 |    68 ||   110
       Plate armour      |       |       |    25 ||    25
Dodge: Dodged            |    32 |    91 |    38 ||   161
Block: Kite shield       |       |    46 |    79 ||   125
